 Dungeon Crawl Stone Soup version 0.29.0-11-gd7f09526c8 (webtiles) character file.

Game seed: 17885364846582802082

12184 hilljack the Nimble (level 11, -1/64 HPs)
             Began as a Vine Stalker Transmuter on Sept 3, 2022.
             Was an Elder of Cheibriados.
             Slain by Harold
             ... wielding a +0 trident
              (15 damage)
             ... on level 11 of the Dungeon.
             The game lasted 00:40:12 (13154 turns).

hilljack the Nimble (Vine Stalker Transmuter)      Turns: 13154, Time: 00:40:13

Health: -1/64      AC:  8    Str: 29    XL:     11   Next: 89%
Magic:  0/15       EV: 10    Int: 24    God:    Cheibriados [****..]
Gold:   597        SH:  0    Dex: 31    Spells: 2/14 levels left

rFire   x . .      SeeInvis .     - Unarmed
rCold   + + +      Faith    .   (shield currently unavailable)
rNeg    . . .      Spirit   +   (body armour currently unavailable)
rPois   +          Reflect  .   (helmet currently unavailable)
rElec   .          Harm     .   (cloak currently unavailable)
rCorr   .          Rampage  .   (gloves currently unavailable)
Will    ++...                   (boots currently unavailable)
Stlth   ++........              M - amulet of regeneration
HPRegen 1.80/turn               L - +6 ring of dexterity
MPRegen 0.14/turn               z - ring "Seloveeh" {rPois Will+ Str+6}

@: ice-form, held, very slow
A: freezing attack, amphibious, boosted hp, large, (fangs 3), regeneration 1,
magic shield, (antimagic bite), no potion heal 2, (antennae 1), (cold resistance
1), (fire resistance 1), (poison resistance)
a: End Transformation, Renounce Religion, Bend Time, Temporal Distortion, Slouch


You were on level 11 of the Dungeon.
You worshipped Cheibriados.
Cheibriados was greatly pleased with you.
You were a creature of crystalline ice.
You visited 2 branches of the dungeon, and saw 12 of its levels.
You also visited: Sewer.

You collected 619 gold pieces.
You spent 22 gold pieces at shops.

Inventory:

Hand Weapons
 p - the +8 dagger "Isoqitoi" (melded) {elec, rPois}
   (You found it on level 3 of the Dungeon)

   It occasionally discharges a powerful burst of electricity upon striking a
   foe.
   rPois:     It protects you from poison.
Missiles
 c - a throwing net
 g - 42 poisoned darts
Armour
 d - a +1 pair of gloves (melded)
 n - a +1 hat (melded)
 r - +0 steam dragon scales (melded)
 t - the +0 pair of boots "Fiups" (melded) {+Blink}
   (You found it on level 3 of the Dungeon)

   +Blink:    It lets you blink.
 F - a +1 scale mail of cold resistance
 J - a +1 cloak (melded)
 K - a +0 buckler (melded)
Jewellery
 z - the ring "Seloveeh" (right front paw) {rPois Will+ Str+6}
   (You found it on level 10 of the Dungeon)

   [ring of willpower]

   Str:       It affects your strength (+6).
   rPois:     It protects you from poison.
   Will:      It increases your willpower.
 L - a +6 ring of dexterity (left front paw)
 M - an amulet of regeneration (around neck)
Wands
 q - a wand of charming (5)
 y - a wand of roots (11)
 B - a wand of polymorph (15)
 G - a wand of flame (30)
Scrolls
 a - 3 scrolls of butterflies
 f - 5 scrolls of teleportation
 h - 3 scrolls of immolation
 i - 3 scrolls of poison
 o - a scroll of blinking
 C - a scroll of fear
 D - a scroll of amnesia
Potions
 b - 4 potions of lignification
 e - a potion of berserk rage
 j - 2 potions of cancellation
 k - 5 potions of brilliance
 l - a potion of resistance
 m - 6 potions of flight
 s - 2 potions of magic
 u - 4 potions of curing
 v - a potion of mutation
 x - a potion of ambrosia
 A - 2 potions of invisibility
 H - a potion of degeneration {unknown}
 I - 2 potions of might {unknown}


   Skills:
 - Level 4.4 Fighting
 + Level 9.5 Dodging
 - Level 6.0 Shields
 - Level 5.1 Unarmed Combat
 - Level 2.2 Spellcasting
 - Level 7.0 Transmutations
 - Level 6.0 Ice Magic
 - Level 5.0 Invocations
 - Level 5.0 Evocations


You had 2 spell levels left.
You knew the following spells:

 Your Spells              Type           Power      Damage    Failure   Level
a - Beastly Appendage     Tmut           72%        N/A       1%          1
b - Ice Form              Ice/Tmut       33%        N/A       9%          4
c - Spider Form           Tmut/Pois      19%        N/A       9%          3
d - Passage of Golubria   Tloc           2%         N/A       75%         4

Your spell library contained the following spells:

 Spells                   Type           Power      Damage    Failure   Level
 Wereblood                Tmut           36%        N/A       1%          2
 Apportation              Tloc           4%         N/A       12%         1
 Necrotise                Necr           8%         1d4       12%         1
 Slow                     Hex            8%         N/A       12%         1
 Summon Small Mammal      Summ           8%         N/A       12%         1
 Confusing Touch          Hex            2%         N/A       34%         3
 Summon Guardian Golem    Hex/Summ       2%         N/A       34%         3
 Vampiric Draining        Necr           2%         2d6       34%         3
 Silence                  Hex/Air        1%         N/A       97%         5
 Orb of Destruction       Conj           1%         9d5       100%        7
 Spellforged Servitor     Conj/Summ      1%         N/A       100%        7
 Lehudib's Crystal Spear  Conj/Erth      1%         10d2      100%        8


Dungeon Overview and Level Annotations

Branches:
Dungeon (11/15)            Temple (1/1) D:7            Lair (0/5) D:11
    Orc (0/2) D:9           Sewer (visited)

Altars:
Ashenzari
Cheibriados
Dithmenos
Elyvilon
Fedhas
Gozag
Hepliaklqana
Kikubaaqudgha
Makhleb
Nemelex Xobeh
Okawaru
Qazlal
Ru
Sif Muna
Trog
Uskayaw
Vehumet
Wu Jian
Xom
Yredelemnul
Zin
The Shining One

Shops:
D:1 ?[[:(

Annotations:
D:6 3 runed translucent doors, SensoryNuts's ghost, novice DsFi
D:8 2 transporters, snetch's ghost, novice MiBe
D:9 exclusion: tengu warrior
D:11 Harold


Innate Abilities, Weirdness & Mutations

You are a creature of crystalline ice.
You have a powerful freezing melee attack.
You are amphibious.
Your maximum health is increased.
Your armour is entirely melded.
You are incapable of wielding weapons or throwing items.
((You have razor-sharp teeth.))
Your natural rate of healing is unusually fast.
When hurt, damage is shared between your health and your magic reserves.
((Your bite disrupts and absorbs the magic of your enemies.))
Potions cannot restore your health.
((You have a pair of small antennae on your head.))
((Your flesh is cold resistant. (rC+)))
((Your flesh is heat resistant. (rF+)))
((Your system is resistant to poisons. (rPois)))


Message History

No target in view!
No target in view!
You now have 597 gold pieces (gained 23).
You open the door.
Harold the Weathered comes into view.
He is wielding a +0 trident.
Found a staircase to the Lair.
Harold moves out of view.
There is an open door here.
Harold shouts!
Harold fires a harpoon shot at you. The harpoon shot hits you.
You are yanked forward by the harpoon shot.
You violently stop moving!
Harold throws a throwing net.
You block the throwing net.
You see here a throwing net.
Harold fires a harpoon shot at you. The harpoon shot hits you!
You are yanked forward by the harpoon shot.
You violently stop moving!
Harold says, "My wife will appreciate not having to wash blood out of my clothes anymore."
Harold completely misses you.
Casting: Ice Form (dangerous; 11% risk of failure)
Confirm with . or Enter, or press ? or * to list all spells.
You turn into a creature of crystalline ice.
The +8 dagger "Isoqitoi" {elec, rPois} melds into your body.
Your +1 cloak melds into your body.
Your +1 hat melds into your body.
Your +1 pair of gloves melds into your body.
The +0 pair of boots "Fiups" {+Blink} melds into your body.
Your +0 buckler melds into your body.
Your +0 steam dragon scales melds into your body.
The +8 dagger "Isoqitoi" {elec, rPois} stops crackling.
Harold throws a throwing net.
The throwing net hits you.
You become entangled in the net!
Harold pauses a moment, imagining something with a smile on his face.
Harold hits you from afar with a +0 trident!
You tear a large gash into the net.
Harold hits you from afar with a +0 trident!
* * * LOW HITPOINT WARNING * * *
You struggle against the net.
Harold hits you from afar with a +0 trident!
You die...

#............########.
#............'........
#............#########
#............#
#............#
#............#
####'######### #...#
#####Y.#######
#.....(...§..#
#.#..@≈§§....#
#..§.≈≈≈≈..#
##.≈§.§≈§§..
..≈≈.>§§≈.#
#..≈≈≈≈§§§.#
#...≈≈≈≈§≈.#
##...≈≈≈≈..#


You could see Harold.

Vanquished Creatures
  Josephine (D:10)
  An ogre mage (D:10)
  6 two-headed ogres
  Pikel (D:6)
  A shining eye (D:10)
  An ugly thing (D:11)
  A hornet (D:9)
  Prince Ribbit (D:7)
  3 wyverns
  5 wraiths
  4 yaks
  A steam dragon (D:7)
  A water moccasin (D:7)
  A black bear (D:5)
  Pargi (Sewer)
  2 orc warriors
  2 centaurs
  5 ogres
  A bullfrog (D:8)
  3 necrophages
  A gnoll sergeant (D:8)
  3 kobold brigands
  4 wights (D:7)
  9 killer bees
  3 howler monkeys (D:11)
  2 electric eels (D:10)
  7 hounds
  A jelly (D:8)
  6 orc priests
  Crazy Yiuf (D:7)
  Terence (D:2)
  7 iguanas
  5 orc wizards
  Ijyb (D:3)
  6 gnolls
  8 adders
  2 river rats (D:4)
  A shadow imp (D:6)
  2 white imps
  2 dart slugs (D:2)
  9 orcs
  10 endoplasms
  3 giant cockroaches
  7 hobgoblins
  8 jackals
  3 quokkas (D:3)
  12 ball pythons
  5 bats
  5 frilled lizards
  12 goblins
  17 kobolds
  11 rats
216 creatures vanquished.

Vanquished Creatures (collateral kills)
  A two-headed ogre (D:10)
  3 killer bees (D:10)
  A kobold (D:7)
5 creatures vanquished.

Vanquished Creatures (others)
  2 kobolds (D:7)
  2 fungi (D:7)
4 creatures vanquished.

Grand Total: 225 creatures vanquished

Notes
Turn   | Place    | Note
-------+----------+-------------------------------------------
     0 | D:1      | hilljack the Vine Stalker Transmuter began the quest for
                  | the Orb.
     0 | D:1      | Reached XP level 1. HP: 9/9 MP: 4/4
    61 | D:1      | Found Etsy's Magic Scroll Emporium.
   133 | D:1      | Found Poujac's Antique Armour Emporium.
   378 | D:1      | Reached skill level 1 in Fighting
   448 | D:1      | Found Liawnab's Antique Armour Shop.
   497 | D:1      | Found Zuoschiu's Antique Weapon Emporium.
   529 | D:1      | Reached XP level 2. HP: 6/14 MP: 3/6
   833 | D:1      | Bought a scroll of identify for 22 gold pieces
  1156 | D:1      | Found Ukkuol's Book Shoppe.
  1392 | D:2      | Reached skill level 2 in Dodging
  1421 | D:2      | Reached XP level 3. HP: 5/18 MP: 2/7
  2147 | D:2      | Noticed Terence
  2509 | D:3      | Found an iron altar of Okawaru.
  2551 | D:3      | Gained mutation: Your natural rate of healing is unusually
                  | fast. [Vine Stalker growth]
  2551 | D:3      | Reached XP level 4. HP: 6/22 MP: 3/8
  2744 | D:3      | Found a faded altar of an unknown god.
  3019 | D:3      | Learned a level 4 spell: Ice Form
  3123 | D:3      | Identified the +8 dagger "Isoqitoi" {elec, rPois}
  3128 | D:3      | Noticed Ijyb
  3156 | D:3      | Killed Ijyb
  3237 | D:3      | Identified the +0 pair of boots "Fiups" {+Blink}
  3323 | D:3      | Reached XP level 5. HP: 25/25 MP: 9/9
  3469 | D:3      | Reached skill level 1 in Ice Magic
  3552 | D:4      | Found a snail-covered altar of Cheibriados.
  3560 | D:4      | Became a worshipper of Cheibriados the Contemplative
  3568 | D:4      | Reached skill level 5 in Unarmed Combat
  3583 | D:4      | Reached XP level 6. HP: 30/30 MP: 8/10
  3708 | D:4      | Reached * piety under Cheibriados
  3744 | D:4      | Found a glowing drain.
  3748 | Sewer    | Entered a sewer
  3770 | Sewer    | Noticed Pargi
  3779 | Sewer    | Killed Pargi
  4230 | D:4      | Reached XP level 7. HP: 33/33 MP: 9/11
  4476 | D:5      | Entered Level 5 of the Dungeon
  4578 | D:2      | Killed Terence
  4709 | D:2      | Reached ** piety under Cheibriados
  5150 | D:5      | Reached skill level 5 in Transmutations
  5311 | D:5      | Identified the +1 kite shield of Baleful Freedom {Rampage
                  | rElec rC-}
  5607 | D:5      | Reached skill level 1 in Invocations
  5607 | D:5      | Reached skill level 1 in Evocations
  5607 | D:5      | Gained mutation: You have razor-sharp teeth. [Vine Stalker
                  | growth]
  5607 | D:5      | Reached XP level 8. HP: 24/37 MP: 7/12
  5648 | D:5      | Found a radiant altar of Vehumet.
  6035 | D:6      | Found a hazy altar of Hepliaklqana.
  6043 | D:6      | Reached skill level 5 in Ice Magic
  6049 | D:6      | Found a runed translucent gate.
  6051 | D:6      | Found a runed translucent gate.
  6052 | D:6      | Found a runed translucent gate.
  6063 | D:6      | Noticed SensoryNuts's ghost (novice DsFi)
  6111 | D:6      | Found a hide-covered altar of Uskayaw.
  6146 | D:6      | Found a shimmering blue altar of Sif Muna.
  7593 | D:7      | Reached *** piety under Cheibriados
  7594 | D:7      | Reached XP level 9. HP: 29/41 MP: 8/13
  7658 | D:7      | Noticed Pikel
  7693 | D:6      | Killed Pikel
  7914 | D:7      | Noticed Prince Ribbit
  7917 | D:7      | Killed Prince Ribbit
  7918 | D:7      | Reached skill level 5 in Invocations
  7952 | D:7      | Found a runed translucent door.
  7953 | D:7      | Noticed Crazy Yiuf
  7958 | D:7      | Killed Crazy Yiuf
  8151 | D:7      | Reached skill level 5 in Evocations
  8243 | D:7      | Found a staircase to the Ecumenical Temple.
  8252 | Temple   | Entered the Ecumenical Temple
  8534 | D:8      | Noticed a two-headed ogre
  8646 | D:8      | Reached skill level 3 in Dodging
  8703 | D:8      | Killed a two-headed ogre
  8704 | D:8      | Reached skill level 4 in Dodging
  8704 | D:8      | Reached XP level 10. HP: 37/49 MP: 10/14
  8733 | D:8      | Identified the +1 leather armour of Youthful Indiscretion
                  | {Rampage rPois Str+4 Dex-4}
  8748 | D:8      | Reached **** piety under Cheibriados
  9131 | D:8      | Noticed a two-headed ogre
  9140 | D:8      | Noticed snetch's ghost (novice MiBe)
  9182 | D:8      | Found a transporter.
  9192 | D:8      | Found a transporter.
  9355 | D:8      | You fall into a shaft and drop 1 floor!
  9373 | D:9      | Reached skill level 1 in Shields
  9457 | D:9      | Found a staircase to the Orcish Mines.
 10468 | D:9      | Noticed a tengu warrior
 10658 | D:10     | Entered Level 10 of the Dungeon
 10661 | D:10     | Found a bloodstained altar of Trog.
 10717 | D:10     | Noticed a two-headed ogre
 10719 | D:10     | Noticed Josephine
 10831 | D:10     | Noticed a two-headed ogre
 10832 | D:10     | Noticed a two-headed ogre
 10850 | D:10     | Found a glowing silver altar of Zin.
 10965 | D:10     | Killed a two-headed ogre
 10966 | D:10     | Reached skill level 5 in Shields
 11095 | D:10     | Learned a level 3 spell: Spider Form
 11100 | D:10     | Learned a level 4 spell: Passage of Golubria
 11163 | D:10     | Found a white marble altar of Elyvilon.
 11163 | D:10     | Noticed a two-headed ogre
 11163 | D:10     | Noticed an ogre mage
 11252 | D:10     | Killed an ogre mage
 11253 | D:10     | Reached skill level 5 in Dodging
 11374 | D:10     | Noticed a two-headed ogre
 11376 | D:10     | Noticed a shining eye
 11376 | D:10     | a two-headed ogre changed into a shining eye
 11392 | D:10     | Killed a two-headed ogre
 11393 | D:10     | Reached skill level 6 in Dodging
 11393 | D:10     | Reached XP level 11. HP: 54/54 MP: 15/15
 11397 | D:10     | Noticed a two-headed ogre
 11668 | D:10     | Killed a two-headed ogre
 11813 | D:10     | Noticed a two-headed ogre
 11818 | D:10     | Killed a two-headed ogre
 11819 | D:10     | Reached skill level 7 in Dodging
 11839 | D:10     | Killed a two-headed ogre
 12258 | D:10     | Identified the ring "Seloveeh" {rPois Will+ Str+6}
 12346 | D:10     | Killed Josephine
 12347 | D:10     | Reached skill level 8 in Dodging
 12506 | D:10     | Gained mutation: Your spells are a little easier to cast,
                  | but a little less powerful. [a shining eye]
 12524 | D:10     | Killed a two-headed ogre
 12593 | D:10     | Gained mutation: You occasionally lose the ability to read
                  | scrolls when taking damage. [a shining eye]
 12594 | D:10     | Killed a shining eye
 12595 | D:10     | Reached skill level 9 in Dodging
 12595 | D:10     | Lost mutation: Your spells are a little easier to cast, but
                  | a little less powerful. [potion of mutation]
 12595 | D:10     | Lost mutation: You occasionally lose the ability to read
                  | scrolls when taking damage. [potion of mutation]
 12595 | D:10     | Gained mutation: Your system is resistant to poisons.
                  | (rPois) [potion of mutation]
 12595 | D:10     | Gained mutation: Your flesh is cold resistant. (rC+)
                  | [potion of mutation]
 12595 | D:10     | Gained mutation: You have a pair of small antennae on your
                  | head. [potion of mutation]
 12595 | D:10     | Gained mutation: Your flesh is heat resistant. (rF+)
                  | [potion of mutation]
 13039 | D:11     | Noticed a brown ugly thing
 13049 | D:11     | Killed a brown ugly thing
 13142 | D:11     | Found a staircase to the Lair.
 13142 | D:11     | Noticed Harold
 13154 | D:11     | Slain by Harold

Illustrated notes

Levels and vault maps discovered:
D:1:      dpeg_arrival_connections, layout_basic, serial_shops,
          nicolae_square_shop, shop_statue, shop, nicolae_shop_stone,
          nicolae_square_shop
D:2:      kennysheep_the_goblin_king, layout_loops_ring, uniq_terence
D:3:      layout_rooms, okawaru_ov_weapons_minmay,
          ebering_ecumenical_altar_rust, grunt_ministairs_9, uniq_ijyb
D:4:      layout_rooms, mainiacjoe_overflow_alcove_1, gup_sewer_entry_spiral
D:5:      layout_gridville, marbit_many_paths, nicolae_zen_rock_garden,
          palyth_stone_intersect, minivault_26
D:6:      layout_basic, mainiacjoe_overflow_brackets,
          mainiacjoe_overflow_cross_hatched, general_overflow_altar,
          ebering_ghost_rock_garden
D:7:      layout_basic, temple_hall, uniq_crazy_yiuf_cottage, uniq_pikel,
          uniq_prince_ribbit1
D:8:      layout_basic, gammafunk_ghost_arena
D:9:      layout_rooms, hellmonk_guarded_unrand_lears
D:10:     layout_basic, bloody_trog, elyvilon_altar_5,
          mainiacjoe_overflow_tiny_flanked, chequers_serial_rivers_room_a,
          uniq_josephine
D:11:     layout_roguey [special_room_bee], minmay_lair_entry_lava,
          portal_ice_cave_entry_animals_and_master, uniq_grum, uniq_harold
Temple:   nicolae_temple_figure_eight

Skill      XL: |  1  2  3  4  5  6  7  8  9 10 11 |
---------------+----------------------------------+-----
Fighting       | 1 4 |  4.4
Dodging        | 2 4 6 9 |  9.5
Unarmed Combat | 4 5 |  5.1
Ice Magic      | 1 3 4 5 6 |  6.0
Transmutations | 3 4 5 6 7 |  7.0
Invocations    | 1 3 5 |  5.0
Evocations     | 1 3 5 |  5.0
Shields        | 6 |  6.0
Spellcasting   | |  2.2

Action                   |  1- 3 |  4- 6 |  7- 9 | 10-12 || total
-------------------------+-------+-------+-------+-------++-------
Melee: Unarmed           |   101 |    25 |       |    85 ||   211
       Bite              |    19 |    21 |    48 |    51 ||   139
       Headbutt          |     2 |     2 |       |       ||     4
       Kick              |     7 |     3 |     1 |       ||    11
       Punch             |     2 |     4 |     7 |       ||    13
       Dagger            |       |   103 |   175 |   118 ||   396
 Cast: Beastly Appendage |     7 |     3 |     1 |     2 ||    13
       Ice Form          |       |       |       |    14 ||    14
       Spider Form       |       |       |       |     1 ||     1
Invok: Bend Time         |       |       |       |     1 ||     1
       Slouch            |       |       |       |     2 ||     2
 Abil: Evoke Blink       |       |       |       |     1 ||     1
Evoke: Wand              |       |       |    19 |    15 ||    34
  Use: Scroll            |     4 |     9 |     6 |     9 ||    28
       Potion            |     1 |       |       |     1 ||     2
 Stab: Sleeping          |     1 |       |     2 |     1 ||     4
       Invisible         |       |       |     4 |     3 ||     7
Armor: Robe              |    17 |    30 |    28 |       ||    75
       Steam dragon scal |       |       |    27 |    16 ||    43
       Skin              |       |       |       |    21 ||    21
Dodge: Dodged            |    56 |    93 |   127 |   157 ||   433
Block: Buckler           |       |       |       |    36 ||    36
